 Dungeon Crawl Stone Soup version 0.32-a0-350-g4f4d228785 (webtiles) character file.

Game seed: 10380462334553150889

340 noelopme the Sneak (level 6, -4/33 (36) HPs)
             Began as a Kobold Brigand on Feb 17, 2024.
             Was an Initiate of Gozag.
             Killed from afar by an orc wizard (6 damage)
             ... with a magic dart
             ... on level 4 of the Dungeon.
             The game lasted 01:26:53 (7311 turns).

noelopme the Sneak (Kobold Brigand)                 Turns: 7311, Time: 01:26:54

HP:   -4/33 (36)    AC:  5    Str:  8    XL:     6   Next: 87%
MP:   6/6           EV: 17    Int: 13    God:    Gozag
Gold: 501           SH:  0    Dex: 24    Spells: 4/5 levels left

rFire   . . .        a - +3 dagger (spect)
rCold   . . .        (no shield)
rNeg    . . .        b - +0 robe
rPois   .            H - +0 helmet
rElec   .            c - +0 cloak
rCorr   .            n - +0 pair of gloves
SInv    .            (no boots)
Will    .....        (no amulet)
Stlth   +++          x - +6 ring of dexterity
HPRegen 0.25/turn    (no ring)
MPRegen 0.10/turn

%: no passive effects
@: confused, gold aura, drained
A: small, no large weapons, nightstalker 3
a: Renounce Religion, Potion Petition, Call Merchant, Bribe Branch


You were on level 4 of the Dungeon.
You worshipped Gozag.
Gozag was pleased with you.
You visited 1 branch of the dungeon, and saw 4 of its levels.

You collected 540 gold pieces.
You paid 39 gold pieces to Gozag.

Inventory:

Hand Weapons
 a - a +3 spectral dagger (weapon)
 r - a +2 spear of venom
Missiles
 m - 6 javelins
Armour
 b - a +0 robe (worn)
 c - a +0 cloak (worn)
 n - a +0 pair of gloves (worn)
 H - a +0 helmet (worn)
Jewellery
 x - a +6 ring of dexterity (left hand)
Talismans
 s - a blade talisman
Scrolls
 y - a scroll of vulnerability
Potions
 q - a potion of magic


   Skills:
 + Level 2.4 Fighting
 + Level 4.3 Short Blades
 + Level 4.5 Throwing
 + Level 3.6 Dodging
 + Level 7.1 Stealth


You had 4 spell levels left.
You knew the following spells:

 Your Spells              Type           Power      Damage    Failure   Level
a - Kiss of Death         Conj/Necr      0%         2d5       30%         1

Your spell library contained the following spells:

 Spells                   Type           Power      Damage    Failure   Level
 Dazzling Flash           Conj/Hex       0%         N/A       67%         3
 Stone Arrow              Conj/Erth      0%         3d7       67%         3
 Volatile Blastmotes      Fire/Tloc      0%         2d10      67%         3
 Animate Armour           Summ/Erth      0%         N/A       97%         4
 Fulminant Prism          Conj/Alch      0%         3d5       97%         4
 Arcjolt                  Conj/Air       0%         1d10      100%        5
 Starburst                Conj/Fire      0%         6d3       100%        6
 Lehudib's Crystal Spear  Conj/Erth      0%         10d2      100%        8
 Maxwell's Capacitive Co  Air            0%         ∞         100%        8


Dungeon Overview and Level Annotations

Branches:
Dungeon (4/15)
 Temple: D:4-7

Altars:
Gozag
Sif Muna


Innate Abilities, Weirdness & Mutations

You are small and have problems with some larger weapons.
You are completely attuned to the shadows.


Message History

You hit the orc priest.
The orc priest is heavily wounded.
The orc priest closely misses you.
The orc wizard hits you with a +0 dagger.
You closely miss the orc priest.
The orc priest is heavily wounded.
The orc priest hits you but does no damage.
The orc wizard hits you with a +0 dagger.
You hit the orc priest.
The orc priest is severely wounded.
The orc priest hits you but does no damage.
The orc wizard hits you with a +0 dagger.
You hit the orc priest.
The orc priest is severely wounded.
The orc wizard hits you but does no damage.
The orc priest hits you with a +0 dagger.
You hit the orc priest.
The orc priest is almost dead.
You hit the orc priest.
You kill the orc priest!
The orc wizard points at you and mumbles some strange words.
The magic dart hits you!
* * * LOW HITPOINT WARNING * * *
The orc wizard hits you with a +0 dagger.
* * * LOW HITPOINT WARNING * * *
Things that are here:
7 gold pieces; a +0 dagger The orc wizard attacks as it pursues you!
The orc wizard closely misses you.
The orc wizard attacks as it pursues you!
The orc wizard completely misses you.
The orc is distracted by your dazzling golden aura.
The orc wizard points at you and mumbles some strange words.
You are confused.
The orc shouts!
You bump into the rock wall.
The orc wizard gestures at you while chanting.
The magic dart hits you.
You die...
Your body crumbles into a pile of gold.

#
#o####
.o.o<#
####$#
#o#
#.#
#@#
#.#
#.#
#.#
..#


You could see an orc wizard and an orc.

Vanquished Creatures
  2 orc priests
  2 orc wizards (D:3)
  Robin (D:2)
  4 gnolls (D:3)
  2 adders
  3 dart slugs
  A ribbon worm (D:2)
  12 orcs (D:3)
  5 bats
  5 endoplasms
  3 giant cockroaches
  16 goblins
  6 hobgoblins
  4 jackals (D:3)
  A kobold (D:3)
  A quokka (D:2)
  6 ball pythons
  4 frilled lizards
  7 rats
85 creatures vanquished.

Notes
Turn   | Place    | Note
-------+----------+-------------------------------------------
     0 | D:1      | noelopme the Kobold Brigand began the quest for the Orb.
     0 | D:1      | Reached XP level 1. HP: 12/12 MP: 1/1
   129 | D:1      | Reached XP level 2. HP: 17/17 MP: 2/2
   367 | D:1      | Reached skill level 6 in Stealth
  1499 | D:1      | Reached XP level 3. HP: 22/22 MP: 3/3
  2357 | D:2      | Found an opulent altar of Gozag.
  2392 | D:2      | Became a worshipper of Gozag Ym Sagoz the Greedy
  2797 | D:2      | Reached XP level 4. HP: 20/27 MP: 4/4
  2865 | D:2      | Noticed Robin
  2887 | D:2      | Killed Robin
  3622 | D:2      | Reached XP level 5. HP: 31/31 MP: 5/5
  4514 | D:3      | Got the Grimoire of Scintillating Combustion
  4525 | D:3      | Learned a level 1 spell: Kiss of Death
  4762 | D:3      | Found a shimmering blue altar of Sif Muna.
  5126 | D:3      | Reached XP level 6. HP: 26/36 MP: 6/6
  6151 | D:3      | Reached skill level 7 in Stealth
  7307 | D:4      | HP: 1/33 [orc wizard/+0 dagger (2)]
  7311 | D:4      | Killed from afar by an orc wizard

Illustrated notes

Levels and vault maps discovered:
D:1:      elethiomel_arrival_shortcut, layout_loops_ring, st_stairs_9,
          solitary_fountain, minmay_pentomino_r4
D:2:      layout_loops_corners, basic_altar, uniq_robin
D:3:      layout_loops_cross, led_sif_book, kennysheep_cross_bottleneck,
          kennysheep_generic_room_2
D:4:      layout_loops_ring, nzn_hepliaklqana_mist_gate

Skill      XL: |  1  2  3  4  5  6 |
---------------+-------------------+-----
Stealth        | 6 7 |  7.1
Short Blades   | 3 4 |  4.3
Dodging        | 2 3 |  3.6
Throwing       | 3 4 |  4.5
Fighting       | |  2.4

Action                     |  1- 3 |  4- 6 || total
---------------------------+-------+-------++-------
  Melee: Dagger            |    45 |   118 ||   163
  Throw: Dart              |    39 |    72 ||   111
   Cast: Kiss of Death     |       |     2 ||     2
    Use: Potion            |       |     9 ||     9
         Scroll            |       |     7 ||     7
   Stab: Sleeping          |     1 |     5 ||     6
         Distracted        |       |     1 ||     1
 Armour: Robe              |    35 |    79 ||   114
  Dodge: Dodged            |    72 |   104 ||   176

Table legend: (Time is in decaauts)
 A = Elapsed time spent in this place.
 B = Non-inter-level travel time spent in this place.
 C = Inter-level travel time spent in this place.
 D = Time resting spent in this place.
 E = Time spent auto-exploring this place.
 F = Levels seen in this place.
 G = Mean time per level.
                   A        B        C        D        E       F      G
               +--------+--------+--------+--------+--------+-----+--------+
         Total |   7266 |   7266 |      0 |   1880 |      0 |   4 | 1816.5 |
       Dungeon |   7266 |   7266 |      0 |   1880 |      0 |   4 | 1816.5 |
               +--------+--------+--------+--------+--------+-----+--------+

Top non-repeatable levels by time:
     D:3: 2766 daAuts
     D:2: 2436 daAuts
     D:1: 2051 daAuts
     D:4: 13 daAuts
